 Dungeon Crawl Stone Soup version 0.31-a0-988-g08d55dae12 (webtiles) character file.

Game seed: 9447060222598696189

251269 tilp the Unseen (level 18, 0/151 HPs)
             Began as a Vampire Enchanter on Nov 3, 2023.
             Was the Champion of Wu Jian.
             Slain by a +1 battleaxe of flaming (29 damage)
             ... on level 1 of the Elven Halls on Nov 4, 2023.
             The game lasted 01:54:08 (41428 turns).

tilp the Unseen (Vampire Enchanter)                Turns: 41428, Time: 01:54:08

Health: 0/151      AC: 18    Str: 11    XL:     18   Next: 93%
Magic:  42/42      EV: 27    Int: 39    God:    Wu Jian [******]
Gold:   298        SH:  6    Dex: 22    Spells: 14/39 levels left

rFire   + . .        a - +7 dagger (freeze)
rCold   . . .        k - +0 buckler
rNeg    . . .        L - +4 robe of Augmentation {Str+4 Int+4 Dex+4}
rPois   +            Y - +4 hat of the Watchman {rPois rF+ Int+3}
rElec   .            r - +2 cloak {Will+}
rCorr   +            T - +0 pair of gloves of the Earth {Int+4 Dex+3}
SInv    +            B - +2 pair of boots
Will    +++..        y - amulet of magic regeneration
Stlth   ++++++++     h - +5 ring of evasion
HPRegen 0.65/turn    j - ring "Huarph" {Will+ rCorr MP+9 Int+3}
MPRegen 0.68/turn

%: no passive effects
@: healing quickly, hasted, studying Staves, very quick
A: alive, fangs 3, see invisible, vampiric 2
}: 2/15 runes: barnacled, gossamer
a: Exsanguinate, Renounce Religion, Wall Jump, Serpent's Lash, Heavenly Storm


You were on level 1 of the Elven Halls.
You worshipped Wu Jian.
Wu Jian was exalted by your worship.
You visited 7 branches of the dungeon, and saw 33 of its levels.
You also visited: Ossuary and Gauntlet.

You collected 3527 gold pieces.
You spent 3229 gold pieces at shops.

Inventory:

Hand Weapons
 a - a +7 dagger of freezing (weapon)
Missiles
 l - 24 boomerangs
 H - 5 throwing nets
 K - 19 poisoned darts (quivered)
 O - 9 curare-tipped darts
 W - 10 javelins
Armour
 i - a +2 cloak of poison resistance
 k - a +0 buckler (worn)
 m - the +7 leather armour of the Armoured One {rF+ Dex+3}
   (You found it on level 4 of the Lair of Beasts)

   Dex+3:     It affects your dexterity (+3).
   rF+:       It protects you from fire.
 r - a +2 cloak of willpower (worn)
 z - the +1 helmet of Duty {rF+ rN+ Regen+ Int+3}
   (You bought it in a shop on level 15 of the Dungeon)

   Int+3:     It affects your intelligence (+3).
   rF+:       It protects you from fire.
   rN+:       It protects you from negative energy.
   Regen+:    It increases your rate of health regeneration.
 B - a +2 pair of boots (worn)
 E - an orb of guile
 L - the +4 robe of Augmentation (worn) {Str+4 Int+4 Dex+4}
   (You found it on level 1 of the Lair of Beasts)

   Str+4:     It affects your strength (+4).
   Int+4:     It affects your intelligence (+4).
   Dex+4:     It affects your dexterity (+4).
 T - the +0 pair of gloves of the Earth (worn) {Int+4 Dex+3}
   (You bought it in a shop on level 15 of the Dungeon)

   Int+4:     It affects your intelligence (+4).
   Dex+3:     It affects your dexterity (+3).
 Y - the +4 hat of the Watchman (worn) {rPois rF+ Int+3}
   (You acquired it on level 11 of the Dungeon)

   Int+3:     It affects your intelligence (+3).
   rF+:       It protects you from fire.
   rPois:     It protects you from poison
 Z - the +1 robe of the Orcish Mines {rElec rC+++}
   (You found it on level 1 of the Shoals)

   rC+++:     It renders you almost immune to cold.
   rElec:     It insulates you from electricity.
Magical Staves
 x - a staff of conjuration
Jewellery
 h - a +5 ring of evasion (left hand)
 j - the ring "Huarph" (right hand) {Will+ rCorr MP+9 Int+3}
   (You acquired it on level 14 of the Dungeon)

   [ring of willpower]

   Int+3:     It affects your intelligence (+3).
   Will+:     It increases your willpower.
   MP+9:      It affects your magic capacity (+9).
   rCorr:     It protects you from acid and corrosion.
 y - an amulet of magic regeneration (around neck)
 M - an amulet of reflection
Wands
 d - a wand of mindburst (21)
 f - a wand of flame (32)
 D - a wand of quicksilver (17)
 P - a wand of paralysis (26)
 R - a wand of iceblast (29)
Scrolls
 n - 14 scrolls of teleportation
 v - 3 scrolls of revelation
 A - a scroll of blinking
 C - 2 scrolls of vulnerability
 F - a scroll of silence
 G - 6 scrolls of fear
 I - 2 scrolls of fog
 J - 5 scrolls of poison
 S - 2 scrolls of summoning
Potions
 c - 9 potions of invisibility
 e - 8 potions of mutation
 g - 3 potions of cancellation
 o - 10 potions of haste
 p - 8 potions of attraction
 q - 2 potions of heal wounds
 s - 6 potions of enlightenment
 u - 2 potions of magic
 w - 12 potions of curing
 N - 2 potions of lignification
 Q - 3 potions of resistance
 V - 6 potions of ambrosia
Miscellaneous
 b - a condenser vane
 t - a sack of spiders
 U - a phantom mirror
 X - a phial of floods


   Skills:
 * Level 15.9 Fighting
 - Level 12.0 Short Blades
 * Level 7.3 Armour
 + Level 12.8 Dodging
 + Level 19.0 Stealth
 - Level 4.0 Shields
 - Level 11.0 Spellcasting
 - Level 2.0 Conjurations
 - Level 18.0 Hexes
 - Level 4.0 Translocations
 - Level 6.0 Transmutations
 - Level 4.0 Ice Magic
 + Level 10.7 Evocations


You had 14 spell levels left.
You knew the following spells:

 Your Spells              Type           Power      Damage    Failure   Level
a - Ensorcelled Hibernat  Hex/Ice        100%       N/A       1%          2
b - Confusing Touch       Hex            100%       N/A       0%          3
c - Tukima's Dance        Hex            100%       N/A       0%          3
d - Dazzling Flash        Conj/Hex       100%       N/A       1%          3
e - Blink                 Tloc           100%       N/A       1%          2
f - Yara's Violent Unrav  Hex/Tmut       43%        3d17      1%          5
g - Enfeeble              Hex            52%        N/A       1%          7

Your spell library contained the following spells:

 Spells                   Type           Power      Damage    Failure   Level
 Jinxbite                 Hex            100%       N/A       0%          2
 Freeze                   Ice            100%       1d10      1%          1
 Kiss of Death            Conj/Necr      100%       2d13      1%          1
 Lesser Beckoning         Tloc           100%       N/A       1%          2
 Momentum Strike          Conj/Tloc      88%        3d10      1%          2
 Passwall                 Tmut/Erth      36%        N/A       1%          2
 Frozen Ramparts          Ice            100%       1d16      1%          3
 Hailstorm                Conj/Ice       44%        3d10      1%          3
 Inner Flame              Hex/Fire       75%        N/A       1%          3
 Ozocubu's Armour         Ice            51%        N/A       1%          3
 Anguish                  Hex/Necr       37%        N/A       1%          4
 Call Imp                 Summ           42%        N/A       3%          2
 Sublimation of Blood     Necr           21%        N/A       3%          2
 Iskenderun's Mystic Bla  Conj/Tloc      44%        2d10      7%          4
 Petrify                  Tmut/Erth      44%        N/A       7%          4
 Vhi's Electric Charge    Tloc/Air       74%        N/A       11%         4
 Irradiate                Conj/Tmut      25%        3d20      13%         5
 Animate Armour           Summ/Erth      42%        N/A       24%         4
 Animate Dead             Necr           21%        N/A       24%         4
 Dispel Undead            Necr           21%        3d11      24%         4
 Summon Lightning Spire   Summ/Air       21%        N/A       24%         4
 Summon Forest            Summ/Tloc      18%        N/A       28%         5
 Arcjolt                  Conj/Air       14%        1d24      41%         5
 Lee's Rapid Deconstruct  Erth           10%        3d8*      54%         5
 Eringya's Noxious Bog    Tmut/Pois      22%        4d6       71%         6
 Ozocubu's Refrigeration  Ice            25%        4d13      98%         7
 Haunt                    Necr/Summ      10%        N/A       100%        7
 Summon Hydra             Summ           10%        N/A       100%        7
 Disjunction              Tloc           25%        N/A       100%        8
 Infestation              Necr           10%        N/A       100%        8
 Maxwell's Capacitive Co  Air            10%        ∞         100%        8
 Chain Lightning          Conj/Air       14%        3d19      100%        9
 Fire Storm               Conj/Fire      14%        8d4       100%        9
 Shatter                  Erth           10%        3d12*     100%        9


Dungeon Overview and Level Annotations

Branches:
Dungeon (15/15)            Temple (1/1) D:6            Lair (5/5) D:10
 Shoals (4/4) Lair:2       Spider (4/4) Lair:2        Slime (0/5) Lair:5
    Orc (2/2) D:9             Elf (2/3) Orc:2        Vaults (0/5) D:14
 Depths (0/4) D:15        Ossuary (visited)         Gauntlet (visited)

Altars:
Ashenzari
Cheibriados
Dithmenos
Fedhas
Gozag
Hepliaklqana
Kikubaaqudgha
Makhleb
Nemelex Xobeh
Okawaru
Qazlal
Ru
Sif Muna
Trog
Uskayaw
Vehumet
Wu Jian
Xom
Yredelemnul
Jiyva

Shops:
D:1 [   D:4 :!   D:6 [   D:11 ?   D:15 [   Orc:1 !   Orc:2 (=[*   Elf:1 !*
Shoals:3 [

Annotations:
D:12 exclusion: orange crystal statue
D:15 Jorgrun
Shoals:2 1 runed translucent door, Qunibeji's ghost, adept HOFi
Spider:1 1 runed translucent door, Flippered's ghost, journeyman GrEE
Elf:2 3 runed translucent doors


Innate Abilities, Weirdness & Mutations

Your natural rate of healing is accelerated.
You have razor-sharp teeth.
You have supernaturally acute eyesight. (SInv)
You are afflicted with vampirism and can become a bat while bloodless.


Message History

The +1 battleaxe of flaming is heavily damaged.
The +1 battleaxe of flaming hits you!
* * * LOW HITPOINT WARNING * * *
You hit the +1 battleaxe of flaming.
The +1 battleaxe of flaming is heavily damaged.
You closely miss the +1 battleaxe of flaming.
The +1 battleaxe of flaming is heavily damaged.
You hit the +1 battleaxe of flaming but do no damage.
The +1 battleaxe of flaming is heavily damaged.
You block the +1 battleaxe of flaming's attack.
You hit the +1 battleaxe of flaming.
The +1 battleaxe of flaming is severely damaged.
You hit the +1 battleaxe of flaming.
The +1 battleaxe of flaming is severely damaged.
The +1 battleaxe of flaming is no longer weakened.
The +1 battleaxe of flaming misses you.
You hit the +1 battleaxe of flaming but do no damage.
The +1 battleaxe of flaming is severely damaged.
You hit the +1 battleaxe of flaming.
The +1 battleaxe of flaming is severely damaged.
The +1 battleaxe of flaming hits you!
* * * LOW HITPOINT WARNING * * *
The +1 battleaxe of flaming burns you.
* * * LOW HITPOINT WARNING * * *
Unknown command.
You feel much better. The +1 battleaxe of flaming hits you!!
* * * LOW HITPOINT WARNING * * *
The +1 battleaxe of flaming burns you.
* * * LOW HITPOINT WARNING * * *
You feel much better.
Unknown command.
Okay, then.
Aiming: Iceblast
Press: ? - help, Shift-Dir - straight line, p - +1 battleaxe of flaming The mass of ice explodes!
The iceblast engulfs the +1 battleaxe of flaming!
The +1 battleaxe of flaming partially resists.
The +1 battleaxe of flaming is almost destroyed.
The +1 battleaxe of flaming hits you!!
You die...

.....####...#...## #.###.##
##'#####.........## #.# ##.## #.#
##.....∩...(.###.# ##.#### #.#
#....#...#....##.# ##'#.##
#)###.............##.# #.....
#....)#....#[...#....# #.....
#.###[............#..# #..... #.#
#....#...#....##.# ###.+# #.#
##.....∩...@.###.# ###. #.#
###........(## #.# ##
##'###.##...#...## #.# #
#...#'####.....######'####
.....## ###.### #.....[.# ......#
#..# #.......#
......#####.#######?....#########
......'...........+..............
.....###############)..#'########


You could see a +1 battleaxe of flaming.

Vanquished Creatures
  Nikola (Shoals:4)
  A kraken (Shoals:3)
  2 emperor scorpions
  A ghost moth (Spider:2)
  4 broodmothers (Spider:4)
  The ghost of Uzxa Qoas the Thaumaturge, a journeyman DEEE of Vehumet (Orc:1)
  The ghost of nago the Fencer, a journeyman MfBr of Okawaru (Lair:3)
  Azrael (D:12)
  A deep elf annihilator (Elf:2)
  A minotaur (Gauntlet)
  2 spark wasps
  An ettin (Orc:1)
  3 merfolk javelineers
  Josephine (Shoals:1)
  A fire dragon (Lair:5)
  5 merfolk impalers (Shoals:4)
  5 entropy weavers
  A rakshasa (D:15)
  8 hydras
  Erolcha (D:12)
  4 vault guards (D:14)
  3 radroaches
  3 merfolk avatars
  8 boulder beetles
  4 centaur warriors
  7 two-headed ogres
  13 death yaks
  2 satyrs
  An alligator snapping turtle (Shoals:4)
  A deep troll earth mage (D:15)
  5 orc high priests (Orc:1)
  3 merfolk aquamancers
  2 death scarabs (Gauntlet)
  10 demonic crawlers
  Urug (D:11)
  A spectral catoblepas (Gauntlet)
  7 deep elf knights
  4 skysharks
  4 sun moths
  6 pharaoh ants
  10 sea snakes
  8 skeletal warriors
  13 orb spiders
  A swamp dragon (Lair:5)
  6 bog bodies (Shoals:3)
  A spectral hydra (Gauntlet)
  8 deep elf zephyrmancers
  7 steelbarb worms
  20 harpies
  9 deep elf archers
  5 orc knights
  20 wolf spiders
  16 deep elf pyromancers
  7 fauns
  4 orc sorcerers
  15 manticores
  7 cyclopes
  5 ugly things
  5 moths of wrath
  13 elephants
  9 merfolk sirens
  Joseph (D:7)
  14 black mambas
  5 water nymphs
  A guardian serpent (Lair:5)
  9 torpor snails
  4 gargoyles
  Maggie (Lair:2)
  17 cane toads
  2 rime drakes
  An unseen horror (D:11)
  An efreet (D:15)
  Jeremiah (D:6)
  A kobold demonologist (D:12)
  An ice devil (Gauntlet)
  A tengu conjurer (D:15)
  8 komodo dragons
  4 harpy zombies (Shoals:4)
  5 trolls
  2 polar bears (Lair:5)
  A burning bush (Lair:3)
  A meliai (Spider:4)
  24 merfolk
  7 wind drakes
  22 tarantellas
  8 dancing weapons
  2 hornets (Lair:5)
  A spectral dream sheep (Gauntlet)
  17 blink frogs
  4 dream sheep
  36 jumping spiders
  12 snapping turtles
  18 wyverns
  15 slime creatures
  27 culicivoras
  3 shadows
  52 yaks
  3 air elementals (Elf:1)
  9 basilisks
  17 water elementals
  11 wraiths
  A basilisk (shapeshifter) (D:13)
  5 fire elementals
  2 steam dragons
  3 hogs (D:9)
  A human (D:9)
  55 redbacks
  9 vampire mosquitoes
  Grum (D:8)
  Menkaure (D:7)
  7 acid dragons
  4 wargs
  Duvessa (D:7)
  31 water moccasins
  4 hell hounds (D:12)
  A sky beast (D:8)
  2 swamp drakes (Lair:5)
  A manticore zombie (Shoals:4)
  2 ice beasts
  32 orc warriors
  A black bear (D:7)
  11 ogres
  15 wolves
  A centaur (D:7)
  4 kobold brigands
  An elf zombie (D:5)
  8 bullfrogs
  4 earth elementals (Elf:1)
  A scorpion (D:4)
  3 wights (D:7)
  Dowan (D:7)
  3 killer bees (D:7)
  8 howler monkeys
  5 electric eels (D:12)
  5 hounds
  2 jellies (Gauntlet)
  9 orc priests
  2 human skeletons (D:5)
  Crazy Yiuf (D:4)
  3 sleepcaps
  2 gnoll boudas (D:5)
  10 iguanas
  14 orc wizards
  8 hell rats
  14 mummies (Ossuary)
  8 gnolls
  3 adders
  4 river rats (D:7)
  3 white imps
  A worm (D:5)
  2 dart slugs
  84 orcs
  5 ball pythons
  4 endoplasms
  A giant cockroach (D:1)
  15 goblins
  4 hobgoblins
  2 jackals (D:1)
  7 quokkas
  A bat (D:1)
  2 frilled lizards (D:1)
  4 goblin skeletons (Ossuary)
  16 kobolds
  2 kobold skeletons (Ossuary)
  5 orc skeletons
  26 rats
  11 rat skeletons (Ossuary)
  2 butterflies (Lair:1)
1200 creatures vanquished.

Vanquished Creatures (collateral kills)
  An orc warlord (Orc:1)
  A vault guard (D:14)
  An ogre mage (D:14)
  An arcanist (D:14)
  A deep elf archer (Elf:2)
  A yaktaur (D:14)
  A human (D:14)
  An orc warrior (D:14)
  2 wights (D:7)
10 creatures vanquished.

Vanquished Creatures (others)
  A deep elf elementalist (Elf:1)
  An orb spider (Spider:1)
  A deep elf zephyrmancer (Elf:2)
  3 dancing weapons
  An iguana (Lair:5)
  An orc (Orc:1)
8 creatures vanquished.

Grand Total: 1218 creatures vanquished

Notes
Turn   | Place    | Note
-------+----------+-------------------------------------------
     0 | D:1      | tilp the Vampire Enchanter began the quest for the Orb.
     0 | D:1      | Reached XP level 1. HP: 13/13 MP: 3/3
   228 | D:1      | Reached XP level 2. HP: 20/20 MP: 5/5
   301 | D:1      | Learned a level 2 spell: Ensorcelled Hibernation
   472 | D:1      | Found Soasy's Armour Boutique.
   595 | D:1      | Reached skill level 1 in Fighting
   802 | D:1      | Gained mutation: You are afflicted with vampirism and can
                  | become a bat while bloodless. [Vampire growth]
   802 | D:1      | Reached XP level 3. HP: 24/26 MP: 1/6
   806 | D:1      | Learned a level 3 spell: Confusing Touch
  1915 | D:3      | Reached XP level 4. HP: 31/32 MP: 0/7
  2178 | D:3      | Found a bloodstained altar of Trog.
  2328 | D:4      | Noticed a scorpion
  2343 | D:4      | Killed a scorpion
  2344 | D:4      | Reached skill level 5 in Stealth
  2344 | D:4      | Reached skill level 5 in Hexes
  2344 | D:4      | Reached XP level 5. HP: 21/38 MP: 0/8
  2519 | D:4      | Found Oskuwnup's Distillery.
  2539 | D:4      | Bought a potion of degeneration for 11 gold pieces
  2660 | D:4      | Found a runed translucent door.
  2661 | D:4      | Noticed Crazy Yiuf
  2692 | D:4      | Reached XP level 6. HP: 38/46 MP: 3/10
  2696 | D:4      | Learned a level 3 spell: Tukima's Dance
  3271 | D:4      | Found Etsudgh's Book Shoppe.
  3382 | D:4      | Killed Crazy Yiuf
  3440 | D:4      | Bought a potion of haste for 110 gold pieces
  3440 | D:4      | Bought a potion of attraction for 33 gold pieces
  3493 | D:5      | Entered Level 5 of the Dungeon
  3575 | D:5      | Reached skill level 6 in Stealth
  3581 | D:5      | Identified the +4 robe "Reireaz" {-Tele Rampage Int+2}
  3645 | D:5      | Reached XP level 7. HP: 52/52 MP: 9/11
  3799 | D:5      | Found a sand-covered staircase.
  3825 | D:5      | Reached skill level 5 in Short Blades
  3831 | Ossuary  | Entered an ossuary
  3836 | Ossuary  | Learned a level 3 spell: Dazzling Flash
  3940 | Ossuary  | Reached XP level 8. HP: 60/60 MP: 13/13
  4145 | Ossuary  | Reached skill level 7 in Stealth
  4245 | Ossuary  | Learned a level 2 spell: Blink
  4920 | D:5      | Found a snail-covered altar of Cheibriados.
  5081 | D:6      | Reached skill level 1 in Conjurations
  5207 | D:6      | Found a radiant altar of Vehumet.
  5371 | D:6      | Noticed Jeremiah
  5441 | D:6      | Reached skill level 1 in Translocations
  5441 | D:6      | Reached skill level 1 in Ice Magic
  5531 | D:6      | Found Gilgamesh's Dragon-Slaying Spoils.
  5800 | D:6      | Found a staircase to the Ecumenical Temple.
  5809 | Temple   | Entered the Ecumenical Temple
  5812 | Temple   | Became a worshipper of the Wu Jian Council
  6115 | D:6      | Killed Jeremiah
  6116 | D:6      | Reached XP level 9. HP: 67/67 MP: 15/15
  6122 | D:7      | Noticed Duvessa
  6122 | D:7      | Noticed Dowan
  6123 | D:7      | Noticed Joseph
  6128 | D:7      | Reached skill level 5 in Fighting
  6138 | D:6      | Reached skill level 8 in Stealth
  6292 | D:6      | Reached skill level 1 in Evocations
  6483 | D:7      | Noticed Menkaure
  6711 | D:7      | Reached skill level 9 in Stealth
  6795 | D:7      | Reached * piety under Wu Jian
  6881 | D:7      | Killed Joseph
  6882 | D:7      | Reached skill level 5 in Spellcasting
  6882 | D:7      | Reached XP level 10. HP: 25/76 MP: 12/17
  7041 | D:7      | Killed Menkaure
  7170 | D:7      | Killed Duvessa
  7174 | D:7      | Killed Dowan
  7261 | D:7      | Reached skill level 10 in Stealth
  7291 | D:7      | Reached ** piety under Wu Jian
  7600 | D:8      | Noticed Grum
  7608 | D:8      | Killed Grum
  7720 | D:8      | Noticed a two-headed ogre
  7795 | D:8      | Killed a two-headed ogre
  7805 | D:8      | Reached skill level 10 in Hexes
  7902 | D:8      | Reached skill level 10 in Short Blades
  8495 | D:9      | Noticed a two-headed ogre
  8499 | D:9      | Killed a two-headed ogre
  8562 | D:9      | Reached skill level 1 in Shields
  8573 | D:9      | Reached XP level 11. HP: 49/82 MP: 15/18
  8907 | D:9      | Reached *** piety under Wu Jian
  8947 | D:9      | Found a staircase to the Orcish Mines.
  9238 | D:9      | Reached **** piety under Wu Jian
  9531 | D:10     | Entered Level 10 of the Dungeon
  9542 | D:10     | Reached skill level 5 in Dodging
  9552 | D:10     | Noticed a two-headed ogre
  9557 | D:10     | Killed a two-headed ogre
  9759 | D:10     | Found a staircase to the Lair.
  9781 | D:10     | Noticed a two-headed ogre
  9788 | D:10     | Killed a two-headed ogre
  9789 | D:10     | Reached skill level 11 in Stealth
 10611 | D:11     | Found Kuluevom's Magic Scroll Shoppe.
 10615 | D:11     | Noticed a white ugly thing
 10616 | D:11     | Noticed a boulder beetle
 10618 | D:11     | Killed a boulder beetle
 10629 | D:11     | Killed a white ugly thing
 10634 | D:11     | Bought a scroll of noise for 11 gold pieces
 10805 | D:11     | Noticed a boulder beetle
 10809 | D:11     | Killed a boulder beetle
 10852 | D:11     | Noticed Urug
 10855 | D:11     | Killed Urug
 10856 | D:11     | Reached XP level 12. HP: 92/92 MP: 21/21
 11433 | D:12     | Identified the "Asou"
 11433 | Gauntlet | Identified the "Mutumn"
 11433 | Orc:1    | Entered Level 1 of the Orcish Mines
 11475 | Orc:1    | Reached ***** piety under Wu Jian
 11496 | Orc:1    | Identified the +9 great mace "Heluif" {venom, Int+2}
 11496 | Orc:1    | Noticed an ettin
 11497 | Orc:1    | Noticed a two-headed ogre
 11498 | Orc:1    | Noticed Uzxa Qoas's ghost (journeyman DEEE)
 11533 | Orc:1    | Found a transporter.
 11633 | Orc:1    | Noticed an orc high priest
 11643 | Orc:1    | Noticed a two-headed ogre
 11643 | Orc:1    | Noticed a two-headed ogre
 11932 | D:11     | Bought a scroll of acquirement for 572 gold pieces
 11932 | D:11     | Acquired the +4 hat of the Watchman {rPois rF+ Int+3}
 11987 | Lair:1   | Entered Level 1 of the Lair of Beasts
 12105 | Lair:1   | Reached skill level 12 in Stealth
 12135 | Lair:1   | Found the +4 robe of Augmentation {Str+4 Int+4 Dex+4}
 12156 | Lair:1   | Found a sparkling altar of Nemelex Xobeh.
 12344 | Lair:1   | Found the +8 whip "Snakebite" {venom, curare, rPois}
 13044 | Lair:2   | Noticed a four-headed hydra
 13050 | Lair:2   | Killed a four-headed hydra
 13137 | Lair:2   | Found a staircase to the Shoals.
 13257 | Lair:2   | Reached skill level 10 in Fighting
 13269 | Lair:2   | Noticed Maggie
 13271 | Lair:2   | Killed Maggie
 13368 | Lair:2   | Found a hole to the Spider Nest.
 13390 | Lair:2   | Reached XP level 13. HP: 93/103 MP: 12/23
 13666 | Lair:3   | Found a transporter.
 13679 | Lair:3   | Found a transporter.
 13915 | Lair:3   | Noticed nago's ghost (journeyman MfBr)
 14612 | D:4      | Bought a book of Misfortune for 360 gold pieces
 14618 | D:4      | Learned a level 5 spell: Yara's Violent Unravelling
 14854 | Lair:4   | Reached skill level 5 in Evocations
 14861 | Lair:4   | Reached skill level 1 in Transmutations
 14969 | Lair:4   | Reached ****** piety under Wu Jian
 15402 | Lair:4   | Identified the +7 leather armour of the Armoured One {rF+
                  | Dex+3}
 15724 | Lair:5   | Entered Level 5 of the Lair of Beasts
 15958 | Lair:5   | Reached skill level 13 in Stealth
 16290 | Lair:5   | Reached XP level 14. HP: 89/113 MP: 10/25
 16379 | Lair:5   | Found a viscous altar of Jiyva.
 16379 | Lair:5   | Found a staircase to the Slime Pits.
 16740 | Lair:5   | Found a broken altar of Ashenzari.
 16884 | Lair:5   | Reached skill level 14 in Stealth
 18048 | Orc:1    | Reached skill level 10 in Dodging
 18160 | Orc:2    | Entered Level 2 of the Orcish Mines
 18283 | Orc:1    | You fall into a shaft and drop 1 floor!
 18285 | Orc:2    | Found Acraesm's Antique Weapon Boutique.
 18436 | Orc:2    | Noticed an orc warlord
 18592 | Orc:1    | Found Moteot's Distillery.
 18859 | Orc:1    | Reached skill level 15 in Stealth
 18859 | Orc:1    | Reached XP level 15. HP: 120/120 MP: 25/28
 19095 | Orc:1    | Reached skill level 15 in Hexes
 19136 | Orc:2    | Found Tycops's Antique Armour Boutique.
 19298 | Orc:2    | Found Myqidd's Jewellery Shop.
 19532 | Orc:2    | Found Yvvigre's General Store.
 19567 | Orc:2    | Found a staircase to the Elven Halls.
 19782 | Orc:2    | Bought a polished ring mail for 333 gold pieces
 19782 | Orc:2    | Identified the +3 ring mail of the Thistle {-Cast Harm
                  | Rampage rF++} (You bought it in a shop on level 2 of the
                  | Orcish Mines)
 19829 | Orc:2    | Bought a scroll of poison for 56 gold pieces
 19829 | Orc:2    | Bought a scroll of teleportation for 42 gold pieces
 19881 | Orc:1    | Bought a potion of ambrosia for 128 gold pieces
 20152 | D:12     | Noticed Azrael
 20197 | D:12     | Reached skill level 1 in Armour
 20238 | D:12     | Killed Azrael
 20428 | D:12     | Noticed Erolcha
 20447 | D:12     | Killed Erolcha
 21386 | D:13     | Identified the +1 scale mail of Makhleb's Supremacy {-Tele
                  | rPois Str+3 SInv}
 22353 | D:14     | Found a gate leading to a gauntlet.
 22372 | Gauntlet | Entered a Gauntlet
 22372 | Gauntlet | Found a runed translucent gate.
 22372 | Gauntlet | Found a transporter.
 22372 | Gauntlet | Found a runed translucent gate.
 22372 | Gauntlet | Found a runed translucent gate.
 22372 | Gauntlet | Found a transporter.
 22372 | Gauntlet | Found a transporter.
 22373 | Gauntlet | Found a transporter.
 22374 | Gauntlet | Found a transporter.
 22377 | Gauntlet | Found a transporter.
 22385 | Gauntlet | Found a transporter.
 22386 | Gauntlet | Found a transporter.
 22388 | Gauntlet | Found a transporter.
 22388 | Gauntlet | Found a transporter.
 22396 | Gauntlet | Found a transporter.
 22396 | Gauntlet | Found a transporter.
 22708 | Gauntlet | Identified the amulet "Diaripn" {Spirit rF- Str+2 SInv}
 23278 | Gauntlet | Identified the +3 ring mail "Ekkyso" {Rampage rF- Regen+
                  | Dex+6}
 23481 | D:14     | Reached skill level 5 in Transmutations
 24128 | D:14     | Found a hide-covered altar of Uskayaw.
 24361 | D:14     | Found a gate to the Vaults.
 24491 | D:14     | Acquired the ring "Huarph" {Will+ rCorr MP+9 Int+3}
 24624 | D:15     | Entered Level 15 of the Dungeon
 24711 | D:15     | Noticed Jorgrun
 25091 | D:15     | Found a staircase to the Depths.
 25179 | D:15     | Found Zuames's Antique Armour Boutique.
 25186 | D:15     | Bought a pair of shimmering gloves for 256 gold pieces
 25186 | D:15     | Identified the +0 pair of gloves of the Earth {Int+4 Dex+3}
                  | (You bought it in a shop on level 15 of the Dungeon)
 25302 | D:15     | Reached XP level 16. HP: 129/129 MP: 29/29
 25539 | D:15     | Bought a scorched scale mail for 243 gold pieces
 25539 | D:15     | Identified the +6 scale mail "Tiel" {Will++ MP-9} (You
                  | bought it in a shop on level 15 of the Dungeon)
 25539 | D:15     | Bought a crude helmet for 256 gold pieces
 25539 | D:15     | Identified the +1 helmet of Duty {rF+ rN+ Regen+ Int+3}
                  | (You bought it in a shop on level 15 of the Dungeon)
 25539 | D:15     | Bought a crude robe for 153 gold pieces
 25539 | D:15     | Identified the +1 robe of Stoicism {Regen+} (You bought it
                  | in a shop on level 15 of the Dungeon)
 25779 | Spider:1 | Entered Level 1 of the Spider Nest
 26907 | Spider:1 | Reached skill level 16 in Stealth
 27118 | Spider:1 | Found a runed translucent door.
 27118 | Spider:1 | Noticed Flippered's ghost (journeyman GrEE)
 28196 | Spider:1 | Upgraded the game from 0.31-a0-986-g5e6e4ef867 to
                  | 0.31-a0-988-g08d55dae12
 28885 | Spider:3 | Reached skill level 10 in Spellcasting
 29700 | Spider:4 | Entered Level 4 of the Spider Nest
 30052 | Spider:4 | Reached XP level 17. HP: 136/137 MP: 31/31
 30577 | Spider:4 | Reached skill level 17 in Stealth
 31073 | Spider:4 | Reached skill level 5 in Armour
 31197 | Spider:4 | Got a gossamer rune of Zot
 31508 | Orc:2    | Bought a ring of flight for 227 gold pieces
 31630 | Shoals:1 | Entered Level 1 of the Shoals
 31683 | Shoals:1 | Noticed Josephine
 31698 | Shoals:1 | Killed Josephine
 31984 | Shoals:1 | Identified the +1 robe of the Orcish Mines {rElec rC+++}
 34571 | Shoals:2 | Reached skill level 10 in Evocations
 34780 | Shoals:2 | Identified the +0 chain mail "Kiugoit" {+Blink Will++
                  | Regen+ Str-3}
 35208 | Shoals:2 | Found a runed translucent door.
 35209 | Shoals:2 | Noticed Qunibeji's ghost (adept HOFi)
 35695 | Shoals:3 | Noticed a kraken
 35700 | Shoals:3 | Killed a kraken
 35775 | Shoals:3 | Identified the +2 chain mail of Filth {Regen+ Str+4}
 35797 | Shoals:3 | Found Jaesuet's Antique Armour Emporium.
 36000 | Shoals:3 | Reached skill level 18 in Stealth
 36050 | Shoals:3 | Reached XP level 18. HP: 123/148 MP: 33/33
 36135 | Shoals:3 | Identified the +2 ring mail of the Stag {Str-5 Int+4
                  | Stlth+}
 36424 | Shoals:3 | Reached skill level 15 in Fighting
 36672 | Shoals:4 | Entered Level 4 of the Shoals
 36672 | Shoals:4 | Noticed Nikola
 36674 | Shoals:4 | Killed Nikola
 36683 | Shoals:4 | Learned a level 7 spell: Enfeeble
 38353 | Shoals:4 | Got a barnacled rune of Zot
 38514 | Shoals:3 | Bought a warped robe for 193 gold pieces
 38514 | Shoals:3 | Identified the +1 robe "Duafiwiz" {Slay+3} (You bought it
                  | in a shop on level 3 of the Shoals)
 38655 | Lair:3   | Killed nago's ghost
 38848 | Orc:1    | Found a transporter.
 38866 | Orc:1    | Killed Uzxa Qoas's ghost
 38964 | Elf:1    | Entered Level 1 of the Elven Halls
 39460 | Elf:1    | Found Diucu's Assorted Antiques.
 39460 | Elf:1    | Found Kaluopt's Distillery.
 39545 | Elf:1    | Bought a blackened dagger for 245 gold pieces
 39545 | Elf:1    | Identified the +1 dagger of Infinity {venom, rPois Will+
                  | rCorr} (You bought it in a shop on level 1 of the Elven
                  | Halls)
 40321 | Elf:1    | Paralysed by an air elemental for 1 turns
 40547 | Elf:1    | You fall into a shaft and drop 1 floor!
 40988 | Elf:2    | Found a runed translucent gate.
 40988 | Elf:2    | Found a runed translucent gate.
 40990 | Elf:2    | Found a runed translucent gate.
 41058 | Elf:2    | Reached skill level 19 in Stealth
 41296 | Elf:2    | Identified the +2 spear of the Hammering Scorpion {flame,
                  | rC+ Will++}
 41425 | Elf:1    | HP: 7/151 [+1 battleaxe of flaming (10)]
 41428 | Elf:1    | Slain by a +1 battleaxe of flaming

Illustrated notes

Levels and vault maps discovered:
D:1:      mrwooster_arrival_arrow, layout_basic, serial_shops, shop,
          minmay_rat_gold_closets
D:2:      layout_loops_ring
D:3:      layout_rooms, lightli_temple_of_fire, hangedman_decor_riveting
D:4:      layout_basic, serial_shops, nicolae_shop_tiny_glass, shop,
          serial_curves, eino_curves_04, eino_curves_01, eino_curves_04,
          eino_curves_02, minmay_ogre_servants, uniq_crazy_yiuf_cottage
D:5:      layout_rooms, slow_altar_2, nicolae_ossuary_entry_catacombs
D:6:      layout_cave_pods, elyvilon_altar_1, vehumet_altar_wand_db,
          minmay_temple_entry_arrows, corexii_mini_fake_secret_closet,
          small_statue_intersection, st_stairs_8, nicolae_shop_dragon_depot,
          uniq_jeremiah
D:7:      lemuel_ratsnest, layout_rooms, uniq_menkaure, uniq_joseph,
          uniq_duvessa
D:8:      layout_cave_pods, serial_park_tiny_2, uniq_grum
D:9:      layout_basic, david_orc_1_choice, special_room [special_room_orc],
          grunt_livestock
D:10:     layout_loops_cross, zin_scriptorium, david_lair_generic
D:11:     layout_roguey, serial_shops, nicolae_shop_getting_attention,
          nzn_sisyphean_effort, uniq_urug
D:12:     layout_basic, serial_bayou_ford_a, minivault_16, uniq_azrael,
          uniq_erolcha
D:13:     layout_basic, moated_statue
D:14:     layout_long_grid, grunt_vaults_entry_fortified,
          gauntlet_entry_generic, eat_drink_and_be_merry_uskayaw
D:15:     hellmonk_depths_entry_around_the_bend, layout_irregular_city,
          serial_shops, shop, nicolae_wwwww, uniq_jorgrun
Temple:   sentei_temple_godly_chess
Lair:1:   minmay_guarded_unrand_snakebite, layout_gridlike, basic_altar,
          lemuel_fruit_fields, serial_bayou_shore_b
Lair:2:   layout_cave_shapes, minmay_shoals_entry_lonely_mermaid,
          nicolae_spider_entry_tight_spaces, uniq_maggie
Lair:3:   layout_chaotic_city, gammafunk_ghost_berserking_beasts,
          evilmike_ambush [evilmike_ambush_outer_doors,
          evilmike_ambush_inner_basic], grunt_megastairs_3,
          infiniplex_staircase_pool
Lair:4:   layout_regular_city, st_stairs_10
Lair:5:   guppyfry_lair_end_dragon, layout_regular_city,
          hangedman_lair_tendril_chambers, slime_entry_1, basic_altar,
          serial_bayou_pond_e, grunt_megastairs_1
Shoals:1: layout_shoals, uniq_josephine
Shoals:2: layout_shoals, ebering_ghost_reflecting_pool,
          nicolae_shoals_arrival_archipelago
Shoals:3: layout_shoals, serial_shops, nicolae_shop_real_fake_doors,
          nicolae_shoals_secluded_bog
Shoals:4: shoals_end_hangedman, layout_shoals, nicolae_shoals_undead_eyrie,
          uniq_nikola
Spider:1: cheibrodos_spider_silkery, ebering_ghost_inner_flame
Spider:2: layout_spider_delve
Spider:3: layout_spider_delve
Spider:4: hellmonk_spider_rune_endless_swarm
Orc:1:    layout_caves, basic_altar, serial_shops, nicolae_shop_behind_doors,
          gammafunk_ghost_smash, kennysheep_orc_chapel
Orc:2:    grunt_orc_gardens, layout_caves, grunt_orc_garden, grunt_orc_garden,
          grunt_orc_garden, grunt_orc_garden, basic_altar
Elf:1:    layout_geoelf_diagonals, evilmike_minifort, st_stairs_4,
          minmay_checkered_concentric_circles, minmay_shoptagon
Elf:2:    elven_hall_of_blades_hangedman_original
          [nicolae_blade_entry_antechamber], layout_geoelf_grid,
          nicolae_letterblocks [nicolae_letter_subblock,
          nicolae_letter_subblock, nicolae_letter_subblock,
          nicolae_letter_subblock, nicolae_letter_subblock,
          nicolae_letter_subblock, nicolae_letter_subblock,
          nicolae_letter_subblock, nicolae_letter_subblock,
          nicolae_letter_subblock, nicolae_letter_subblock,
          nicolae_letter_subblock, nicolae_letter_subblock,
          nicolae_letter_subblock, nicolae_letter_subblock,
          nicolae_letter_subblock, nicolae_letter_subblock,
          nicolae_letter_subblock, nicolae_letter_subblock,
          nicolae_letter_subblock, nicolae_letter_subblock,
          nicolae_letter_subblock, nicolae_letter_subblock,
          nicolae_letter_subblock, nicolae_letter_subblock]

Skill      XL: |  1  2  3  4  5  6  7  8  9 10 11 12 13 14 15 16 17 18 |
---------------+-------------------------------------------------------+-----
Fighting       | 1 2 3 4 6 7 10 11 12 13 14 15 | 15.9
Short Blades   | 2 3 4 5 6 7 10 11 12 | 12.0
Stealth        | 5 6 7 9 10 11 12 13 15 16 18 19 | 19.0
Hexes          | 5 6 7 8 10 11 12 13 14 16 17 18 | 18.0
Dodging        | 3 4 5 8 9 10 11 12 | 12.8
Spellcasting   | 3 4 5 6 7 9 10 11 | 11.0
Conjurations   | 1 2 |  2.0
Translocations | 1 2 4 |  4.0
Ice Magic      | 1 2 4 |  4.0
Evocations     | 2 3 4 6 8 9 10 | 10.7
Shields        | 1 2 3 4 |  4.0
Transmutations | 3 4 5 6 |  6.0
Armour         | 2 4 5 7 |  7.3

Action                     |  1- 3 |  4- 6 |  7- 9 | 10-12 | 13-15 | 16-18 || total
---------------------------+-------+-------+-------+-------+-------+-------++-------
  Melee: Dagger            |   112 |   130 |   376 |   488 |   859 |  1292 ||  3257
         Bite              |    12 |    15 |    49 |    46 |   111 |   186 ||   419
  Throw: Boomerang         |       |       |     2 |       |     1 |       ||     3
         Dart              |       |       |       |       |       |     1 ||     1
   Cast: Ensorcelled Hiber |    17 |    21 |    76 |   169 |   312 |   440 ||  1035
         Confusing Touch   |       |       |    17 |    19 |    66 |    45 ||   147
         Tukima's Dance    |       |       |     8 |     2 |    22 |     1 ||    33
         Blink             |       |       |       |     1 |       |     2 ||     3
         Dazzling Flash    |       |       |       |     1 |    14 |    98 ||   113
         Enfeeble          |       |       |       |       |       |    14 ||    14
Ability: Lunge             |       |       |     4 |    52 |    89 |   148 ||   293
         Whirlwind         |       |       |       |     5 |    19 |    75 ||    99
  Evoke: Wand              |       |       |       |       |     6 |     4 ||    10
    Use: Scroll            |     3 |     6 |     8 |    12 |    10 |     8 ||    47
         Potion            |       |       |     2 |       |     3 |     7 ||    12
   Stab: Sleeping          |    20 |    16 |    59 |   147 |   248 |   316 ||   806
         Invisible         |       |       |     3 |     1 |    10 |    76 ||    90
         Confused          |       |       |    12 |    19 |    59 |    28 ||   118
         Distracted        |       |       |       |     5 |       |     2 ||     7
 Armour: Robe              |    52 |    30 |   110 |   119 |   239 |   622 ||  1172
  Dodge: Dodged            |    67 |   102 |   214 |   292 |   710 |  1284 ||  2669
  Block: Buckler           |     4 |    24 |    41 |    61 |    90 |   324 ||   544

Table legend: (Time is in decaauts)
 A = Elapsed time spent in this place.
 B = Non-inter-level travel time spent in this place.
 C = Inter-level travel time spent in this place.
 D = Time resting spent in this place.
 E = Time spent auto-exploring this place.
 F = Levels seen in this place.
 G = Mean time per level.
                   A        B        C        D        E       F      G
               +--------+--------+--------+--------+--------+-----+--------+
         Total |  40627 |  37011 |   3616 |   6979 |  19442 |  35 | 1160.8 |
       Dungeon |  16182 |  14547 |   1635 |   1605 |   9712 |  15 | 1078.8 |
        Temple |      6 |      3 |      3 |      0 |      0 |   1 |    6.0 |
          Lair |   6275 |   5654 |    621 |    739 |   3438 |   5 | 1255.0 |
        Shoals |   6821 |   6299 |    522 |   1731 |   2358 |   4 | 1705.2 |
   Spider Nest |   5131 |   4885 |    246 |   1794 |   1241 |   4 | 1282.8 |
  Orcish Mines |   2485 |   2042 |    443 |    349 |   1211 |   2 | 1242.5 |
   Elven Halls |   2302 |   2157 |    145 |    271 |   1237 |   2 | 1151.0 |
       Ossuary |    470 |    470 |      0 |     91 |     12 |   1 |  470.0 |
      Gauntlet |    950 |    950 |      0 |    399 |    232 |   1 |  950.0 |
               +--------+--------+--------+--------+--------+-----+--------+

Top non-repeatable levels by time:
Shoals:1: 2835 daAuts
Spider:1: 2011 daAuts
  Lair:5: 1816 daAuts
Shoals:4: 1777 daAuts
   Elf:1: 1654 daAuts
   Orc:1: 1505 daAuts
     D:6: 1465 daAuts
     D:4: 1465 daAuts
    D:12: 1364 daAuts
     D:9: 1339 daAuts
    D:14: 1329 daAuts
  Lair:2: 1282 daAuts
Spider:3: 1279 daAuts
Spider:4: 1242 daAuts
    D:10: 1213 daAuts
